 Dungeon Crawl Stone Soup version 0.25-a0-364-ge76b031 (webtiles) character file.

Game seed: 2425219704623088429, levelgen mode: deterministic

3348 Birdy the Chopper (level 10, -4/51 HPs)
             Began as a Vine Stalker Gladiator on Jan 4, 2020.
             Was an Initiate of Wu Jian.
             Slain by a cyclops (18 damage)
             ... on level 8 of the Dungeon.
             The game lasted 00:17:28 (6762 turns).

Birdy the Chopper (Vine Stalker Gladiator)          Turns: 6762, Time: 00:17:29

Health: -4/51      AC:  6    Str: 16    XL:     10   Next: 2%
Magic:  0/18       EV: 15    Int:  8    God:    Wu Jian [......]
Gold:   552        SH:  0    Dex: 20    Spells: 19/19 levels left

rFire    . . .     SeeInvis .   a - +0 war axe
rCold    . . .     Gourm    .   (no shield)
rNeg     . . .     Faith    .   b - +0 leather armour
rPois    .         Spirit   +   c - +1 helmet
rElec    .         Reflect  .   (no cloak)
rCorr    +         Harm     .   o - +0 pair of gloves
MR       +....                  (no boots)
Stlth    +++.......             (no amulet)
HPRegen  0.57/turn              p - ring of resist corrosion
MPRegen  0.16/turn              (no ring)

@: no status effects
A: fangs 3, regeneration 1, magic shield, antimagic bite, no potion heal 3, rot
immunity
a: Renounce Religion


You were on level 8 of the Dungeon.
You worshipped Wu Jian.
Wu Jian was noncommittal.
You were hungry.

You visited 2 branches of the dungeon, and saw 9 of its levels.
You also visited: Sewer.

You collected 552 gold pieces.

Inventory:

Hand Weapons
 a - a +0 war axe (weapon)
 n - the +7 short sword "Ungocwio" {distort, +Inv rElec rPois MR-}
   (You took it off a kobold on level 3 of the Dungeon)

   It warps and distorts space around it.
   Unwielding it can cause banishment or high damage.
   It insulates you from electricity.
   It protects you from poison.
   It affects your resistance to hostile enchantments.
   It lets you turn invisible.
Missiles
 d - a throwing net
 l - 34 poisoned darts (quivered)
 x - 7 atropa-tipped darts
Armour
 b - a +0 leather armour (worn)
 c - a +1 helmet (worn)
 o - a +0 pair of gloves (worn)
Jewellery
 p - a ring of resist corrosion (left hand)
Wands
 u - a wand of scattershot (5)
 A - a wand of polymorph (13)
Scrolls
 h - 5 scrolls of remove curse
 i - 4 scrolls of enchant armour
 j - a scroll of magic mapping
 m - 2 scrolls of teleportation
 q - a scroll of amnesia
 w - 2 scrolls of enchant weapon
Potions
 e - 3 potions of curing
 k - 2 potions of lignification
 r - a potion of brilliance
 s - a potion of haste
 v - a potion of ambrosia
 z - a potion of agility
Comestibles
 f - 14 rations


   Skills:
 + Level 5.0 Fighting
 * Level 7.4 Axes
 - Level 1.7 Throwing
 - Level 4.0 Armour
 + Level 4.9 Dodging
 + Level 6.6 Stealth
 + Level 5.0 Spellcasting


You had 19 spell levels left.
You didn't know any spells.
Your spell library contained the following spells:

 Spells                   Type           Power        Failure   Level  Hunger
 Gell's Gravitas          Tloc           #.........   67%         3    ###....
 Portal Projectile        Hex/Tloc       #.....       67%         3    ###....
 Dispersal                Tloc           #.........   100%        6    #######
 Controlled Blink         Tloc           N/A          100%        8    #######
 Disjunction              Tloc           #.........   100%        8    #######


Dungeon Overview and Level Annotations

Branches:
Dungeon (8/15)             Temple (1/1) D:7           Sewer (visited)
   Lair: D:8-11

Altars:
Ashenzari
Cheibriados
Dithmenos
Elyvilon
Kikubaaqudgha
Makhleb
Okawaru
Qazlal
Sif Muna
Uskayaw
Wu Jian
Xom
Yredelemnul

Portals:
Abyss: D:3


Innate Abilities, Weirdness & Mutations

You have razor-sharp teeth.
Your natural rate of healing is unusually fast.
When hurt, damage is shared between your health and your magic reserves.
Your bite disrupts and absorbs the magic of your enemies.
Potions cannot restore your health.
You are immune to rotting.


Message History

Your Spellcasting skill increases to level 5!
You have reached level 10!
You hit the orc priest but do no damage.
The orc priest invokes the aid of Beogh against you.
You resist with some effort.
You slash the orc priest!
The orc priest is heavily wounded.
The orc priest hits you with a +0 mace.
You hit the orc priest. You bite the orc priest.
You kill the orc priest!
The Council accepts your kill.
An adder, a cyclops and a skeleton come into view.
The cyclops shouts!
The cyclops throws a large rock.
The large rock hits you!!
* * * LOW HITPOINT WARNING * * *
Items here: ( )) [ ††
Okay, then.
Okay, then.
The cyclops hits you!!
You die...

#.# #.# #.## .#
###..# #.#
#.)..###.#
#######.#...##.#
......).#.#.##.#
########(#.#..#.#
....ZSC@.#.##.#.#
######
......##.#......#
#..... .....
#.#####..###.....
.... #.#
#....#..... ###
#.# #..#.#.....
#.# #.>#.#.....
#.# #.##.#.....
.. ..##.#.....
#####.......


You could see a cyclops, an adder and a quokka skeleton.

Vanquished Creatures
  A hydra (D:8)
  3 sky beasts
  An orc warrior (D:6)
  5 ogres
  A small abomination (D:3)
  3 centaurs
  A crocodile (Sewer)
  A big kobold (D:7)
  3 bullfrogs
  A scorpion (D:5)
  The ghost of probablyafish the Charmwright, a weakling DgSk (D:3)
  3 howler monkeys (D:7)
  2 crimson imps
  2 hounds
  A jelly (D:7)
  2 orc priests
  7 orc wizards
  2 bullfrog skeletons (D:6)
  A gnoll shaman (D:4)
  A centaur skeleton (D:5)
  7 worker ants
  A killer bee zombie (D:6)
  A hound zombie (D:5)
  2 mummies
  2 worker ant zombies
  5 gnolls
  6 adders
  A white imp (D:3)
  5 worms
  2 dart slugs (D:2)
  2 leopard geckos
  16 orcs
  5 ball pythons
  7 bats
  9 giant cockroaches
  9 hobgoblins
  20 jackals
  4 quokkas
  A ball python zombie (D:6)
  2 frilled lizards (D:4)
  A giant cockroach zombie (D:5)
  8 goblins
  2 hobgoblin zombies (D:4)
  A jackal skeleton (D:4)
  22 kobolds
  A kobold zombie (D:4)
  An orc zombie (D:4)
  A quokka skeleton (D:5)
  6 rats
192 creatures vanquished.

Notes
Turn   | Place    | Note
-------+----------+-------------------------------------------
     0 | D:1      | Birdy the Vine Stalker Gladiator began the quest for the
                  | Orb.
     0 | D:1      | Reached XP level 1. HP: 11/11 MP: 2/2
    98 | D:1      | Reached XP level 2. HP: 5/15 MP: 1/3
   596 | D:1      | Reached skill level 3 in Axes
   626 | D:1      | Reached skill level 1 in Stealth
   866 | D:2      | Reached XP level 3. HP: 10/18 MP: 1/4
  1353 | D:2      | Found a shimmering altar of Xom.
  1519 | D:2      | Gained mutation: Your natural rate of healing is unusually
                  | fast. [Vine Stalker growth]
  1519 | D:2      | Reached XP level 4. HP: 16/23 MP: 3/6
  1598 | D:2      | Reached skill level 1 in Armour
  1663 | D:2      | Found a shattered altar of Ashenzari.
  2022 | D:3      | Reached skill level 1 in Spellcasting
  2134 | D:3      | Found a transporter.
  2194 | D:3      | Identified the +7 short sword "Ungocwio" {distort, +Inv
                  | rElec rPois MR-}
  2198 | D:3      | Found a one-way gate to the infinite horrors of the Abyss.
  2198 | D:3      | Noticed probablyafish's ghost (weakling DgSk)
  2225 | D:3      | Found a transporter.
  2253 | D:3      | Noticed a small abomination
  2261 | D:3      | Killed a small abomination
  2261 | D:3      | Reached XP level 5. HP: 7/27 MP: 3/8
  2282 | D:3      | Killed probablyafish's ghost
  2282 | D:3      | Reached skill level 4 in Axes
  2282 | D:3      | Reached XP level 6. HP: 21/32 MP: 6/9
  2406 | D:3      | Found a shadowy altar of Dithmenos.
  2897 | D:4      | Reached XP level 7. HP: 35/35 MP: 11/11
  3011 | D:4      | Found an iron altar of Okawaru.
  3067 | D:4      | Found a white marble altar of Elyvilon.
  3226 | D:4      | Found an ancient bone altar of Kikubaaqudgha.
  3427 | D:4      | Found a basalt altar of Yredelemnul.
  3552 | D:5      | Entered Level 5 of the Dungeon
  3634 | D:5      | Reached skill level 5 in Axes
  3926 | D:5      | Gained mutation: You have razor-sharp teeth. [Vine Stalker
                  | growth]
  3926 | D:5      | Reached XP level 8. HP: 40/40 MP: 13/13
  4809 | D:6      | Found a glowing drain.
  4840 | Sewer    | Entered a sewer
  4901 | Sewer    | Reached skill level 5 in Stealth
  4975 | D:6      | Reached skill level 6 in Axes
  5076 | D:6      | Reached XP level 9. HP: 24/45 MP: 11/15
  5263 | D:6      | Found a snail-covered altar of Cheibriados.
  6059 | D:7      | Found a staircase to the Ecumenical Temple.
  6103 | Temple   | Entered the Ecumenical Temple
  6137 | Temple   | Became a worshipper of the Wu Jian Council
  6233 | D:7      | Found a burning altar of Makhleb.
  6753 | D:8      | Noticed a seven-headed hydra
  6756 | D:8      | Killed a seven-headed hydra
  6756 | D:8      | Reached skill level 7 in Axes
  6758 | D:8      | Reached skill level 5 in Fighting
  6758 | D:8      | Reached skill level 5 in Spellcasting
  6758 | D:8      | Reached XP level 10. HP: 31/51 MP: 16/18
  6761 | D:8      | Noticed a cyclops
  6762 | D:8      | Slain by a cyclops

Levels and vault maps discovered:
D:1:      zaba_arrival_water, layout_basic, minmay_shallow_snake_nest
D:2:      wander_river, layout_loops_ring, lemuel_round_altar, xom_teletrap_fun,
          minmay_diced_spiral
D:3:      layout_loops_ring, old_standard_altar, gammafunk_ghost_abyssal_escape
D:4:      layout_gridville, kennysheep_ying_yang, kiku_gazebo_pond_becter,
          kennysheep_okawaru_gauntlet, minmay_mini_ossuary
D:5:      layout_basic, first_ration, minmay_hedge_maze,
          ebering_dispersal_statue_hall, minivault_27,
          hangedman_abyss_or_decor_stagger, minivault_4
D:6:      layout_cave_pools, slow_altar_1, gup_sewer_entry_glass
D:7:      layout_basic, lightli_temple_of_fire, minmay_temple_entry_antechambers
D:8:      layout_basic, lemuel_crystal_altar, serial_shops, nicolae_shop_trees,
          uniq_gastronok
Temple:   jpeg_temple_alley_garden

Skill      XL: |  1  2  3  4  5  6  7  8  9 |
---------------+----------------------------+-----
Axes           | 3 4 5 6 7 |  7.4
Fighting       | 2 3 4 5 |  5.0
Stealth        | 1 2 3 4 5 6 |  6.6
Armour         | 1 2 3 4 |  4.0
Spellcasting   | 1 2 3 5 |  5.0
Dodging        | 3 4 |  4.9
Throwing       | |  1.7

Action                   |  1- 3 |  4- 6 |  7- 9 | 10-12 || total
-------------------------+-------+-------+-------+-------++-------
Melee: War axe           |   104 |   141 |   292 |     2 ||   539
       Bite              |    26 |    38 |   106 |     1 ||   171
Throw: Dart              |       |       |    56 |       ||    56
       Throwing net      |       |       |     4 |       ||     4
Invok: Lunge             |       |       |     4 |       ||     4
Evoke: Wand              |       |       |     2 |       ||     2
  Use: Scroll            |     2 |     6 |     9 |       ||    17
       Potion            |       |     2 |     1 |       ||     3
 Stab: Sleeping          |     4 |     4 |    15 |       ||    23
       Held in net/web   |       |       |     4 |       ||     4
       Distracted        |       |       |     1 |       ||     1
  Eat: Chunk             |     2 |     5 |    12 |       ||    19
Armor: Leather armour    |    35 |    38 |    77 |       ||   150
Dodge: Dodged            |    87 |   109 |   216 |       ||   412

Table legend:
 A = Non-vault XP
 B = Vault XP
 C = Vault XP percentage of total XP
 D = Non-vault monster count
 E = Vault monster count
 F = Vault count percentage of total count
                 A         B        C        D         E       F
            +---------+---------+-------+---------+---------+-------
      Total |    4331 |     452 |   9.5 |     162 |      30 |  15.6
            +---------+---------+-------+---------+---------+-------
        D:1 |      28 |       5 |  15.2 |      16 |       3 |  15.8
        D:2 |      62 |      19 |  23.5 |      22 |       4 |  15.4
        D:3 |     217 |     243 |  52.8 |      33 |       5 |  13.2
        D:4 |     216 |      22 |   9.2 |       8 |       5 |  38.5
        D:5 |     538 |       0 |   0.0 |      22 |       0 |   0.0
        D:6 |    1047 |      53 |   4.8 |      26 |       7 |  21.2
        D:7 |     941 |       0 |   0.0 |      26 |       0 |   0.0
        D:8 |    1282 |       0 |   0.0 |       9 |       0 |   0.0
      Sewer |       0 |     110 | 100.0 |       0 |       6 | 100.0
            +---------+---------+-------+---------+---------+-------
